AoeStats
← Начальник

Arabia

509917106Analyzed
1v1 RM · 5d ago on Sep 28, 2026· 34m 45s· 2 players
Game mode
Random Map
Map size
Tiny (2 player)
Population
200
Speed
Normal
Resources
Standard
Victory
Conquest
Starting age
Dark Age
Ending age
Imperial Age
RankedLock teamsTeams togetherTeam positionsShared explorationLock speedFull tech treeHidden civsTurbo modeCheats
Victory
Defeat
🇨🇳 Poles · China
1007
+13
🇷🇺 Malay · Russia
950
-39
Начальник
3:22 Loom
15:35 Feudal Age
15:18 Double-Bit Axe
15:27 Horse Collar
19:22 Scale Barding Armor
19:38 Arson
19:14 Man-at-Arms
22:40 Forging
36:25 Castle Age
2442162598
3:22 Loom
12:08 Feudal Age
15:20 Double-Bit Axe
19:38 Castle Age
17:55 Horse Collar
22:42 Bloodlines
24:38 Crossbowman
25:57 Wheelbarrow
25:07 Town Watch
26:12 Thumb Ring
30:40 Hand Cart
31:01 Bloodlines
31:07 Heavy Plow
31:12 Pikeman
33:18 Gold Mining
33:29 Stone Mining
36:57 Imperial Age
34:29 Town Patrol
34:01 Light Cavalry
Connection lost

Rejoining the realm…

Still unreachable

The connection could not be restored.

Session expired

The server has moved on; the page needs a fresh start.